 Dungeon Crawl Stone Soup version 0.23-a0-54-gae6112e (webtiles) character file.

21672 mopl the Covert (level 13, -3/85 HPs)
             Began as a Formicid Enchanter on Aug 8, 2018.
             Was an Elder of Dithmenos.
             Slain by Rupert
             ... wielding a +0 great sword of electrocution
              (11 damage)
             ... on level 3 of the Lair of Beasts.
             The game lasted 00:43:37 (14125 turns).

mopl the Covert (Formicid Enchanter)               Turns: 14125, Time: 00:43:39

Health: -3/85      AC:  8    Str: 12    XL:     13   Next: 21%
Magic:  31/32      EV: 30    Int: 17    God:    Dithmenos [****..]
Gold:   778        SH: 13    Dex: 15    Spells: 6/26 levels left

rFire    . . .     SeeInvis +   a - +2 dagger (venom)
rCold    + + .     Gourm    .   l - +0 large shield {reflect}
rNeg     . . .     Faith    .   L - +2 robe {rC+}
rPois    +         Spirit   .   (helmet unavailable)
rElec    .         Reflect  +   c - scarf {cloud immunity}
rCorr    .         Harm     .   k - +2 pair of gloves
MR       ++...     Clarity  +   v - +0 pair of boots
Stlth    ++++++++..             y - amulet of the acrobat
HPRegen  0.00/turn              J - +6 ring of evasion
MPRegen  0.23/turn              F - ring "Notalet" {*Slow rPois rC+ MP+9 Slay+3, =R}

@: wreathed by umbra
A: permanent stasis, dig shafts and tunnels, four strong arms, antennae 3,
clarity, magic resistance 1, inhibited regeneration
a: Dig, Shaft Self, Shadow Step, Renounce Religion


You were on level 3 of the Lair of Beasts.
You worshipped Dithmenos.
Dithmenos was greatly pleased with you.
You were not hungry.

You visited 3 branches of the dungeon, and saw 15 of its levels.

You collected 778 gold pieces.

Inventory:

Hand Weapons
 a - a +2 dagger of venom (weapon)
 b - a +2 scimitar of flaming
 K - a +0 dagger of chaos
 M - a +3 blowgun
Missiles
 r - 114 poisoned needles
 P - 7 tomahawks (quivered)
 X - 5 curare-tipped needles
Armour
 c - a scarf of cloud immunity (worn)
 k - a +2 pair of gloves (worn)
 l - a +0 large shield of reflection (worn)
 v - a +0 pair of boots (worn)
 L - a +2 robe of cold resistance (worn)
 N - a +2 robe of positive energy
Jewellery
 y - an amulet of the acrobat (around neck)
 F - the ring "Notalet" (right hand) {*Slow rPois rC+ MP+9 Slay+3, =R}
   (You found it on level 6 of the Dungeon)

   [ring of slaying]

   It affects your accuracy and damage with ranged weapons and melee attacks
   (+3).
   It protects you from cold.
   It protects you from poison.
   It affects your magic capacity (+9).
   It may slow you when you take damage.
 J - a +6 ring of evasion (left hand)
Wands
 p - a wand of paralysis (16)
 w - a wand of iceblast (7)
 G - a wand of digging (24)
 T - a wand of flame (31)
 Y - a wand of polymorph (12)
Scrolls
 e - 10 scrolls of remove curse
 f - 4 scrolls of enchant armour {unknown}
 g - a scroll of noise {unknown}
 i - 5 scrolls of enchant weapon {unknown}
 j - a scroll of blinking {unknown}
 o - a scroll of fog
 q - 3 scrolls of amnesia {unknown}
 z - 5 scrolls of teleportation {unknown}
 A - 3 scrolls of fear {unknown}
 B - 2 scrolls of magic mapping {unknown}
 O - 2 scrolls of immolation {unknown}
 S - a scroll of silence {!r}
Potions
 h - 2 potions of heal wounds
 m - a potion of cancellation
 n - a potion of magic
 t - 5 potions of curing
 u - a potion of might
 x - 2 potions of flight
 C - a potion of ambrosia
 D - 3 potions of lignification {!q}
 H - 2 potions of brilliance
 I - a potion of resistance
 W - a potion of mutation {!q}
 Z - a potion of agility
Miscellaneous
 V - a lightning rod (4/4)
Comestibles
 d - 39 rations
 s - 7 chunks of flesh


   Skills:
 + Level 2.3 Fighting
 - Level 1.0(4.1) Short Blades
 + Level 6.4(6.5) Long Blades
 + Level 2.7 Dodging
 * Level 13.8 Stealth
 + Level 4.4 Shields
 - Level 7.0 Spellcasting
 - Level 3.0 Conjurations
 * Level 12.8 Hexes
 - Level 4.0 Charms
 - Level 4.0 Necromancy
 - Level 3.0 Translocations
 - Level 5.0 Ice Magic
 + Level 5.7 Invocations


You had 6 spell levels left.
You knew the following spells:

 Your Spells              Type           Power        Failure   Level  Hunger
a - Apportation           Tloc           ###...       32%         1    None
b - Ensorcelled Hibernat  Hex/Ice        #####.       4%          2    None
c - Confuse               Hex            #####...     1%          3    ##.....
d - Tukima's Dance        Hex            #####...     1%          3    ##.....
e - Corona                Hex            #####..      1%          1    None
f - Cause Fear            Hex            #####.....   5%          4    ####...
g - Dazzling Spray        Conj/Hex       ####..       13%         3    ##.....
r - Regeneration          Chrm/Necr      ###.......   54%         3    ##.....

Your spell library contained the following spells:

 Spells                   Type           Power        Failure   Level  Hunger
 Bolt of Fire             Conj/Fire      ##........   100%        6    #######
 Slow                     Hex            #####...     1%          2    None
 Throw Flame              Conj/Fire      ##....       65%         2    None
 Summon Small Mammal      Summ           #...         73%         1    None
 Animate Skeleton         Necr           N/A          22%         1    None
 Shock                    Conj/Air       ##..         52%         1    None
 Spider Form              Tmut/Pois      #.........   97%         3    ##.....
 Blade Hands              Tmut           #.........   100%        5    #####..
 Ice Form                 Ice/Tmut       ##......     98%         4    ####...
 Confusing Touch          Hex            #####.       1%          1    None
 Sticks to Snakes         Tmut           #.......     86%         2    None
 Portal Projectile        Hex/Tloc       ####..       13%         3    ##.....
 Leda's Liquefaction      Hex/Erth       ####......   61%         4    ####...
 Shroud of Golubria       Chrm/Tloc      ###.......   36%         2    None
 Inner Flame              Hex/Fire       ####....     24%         3    ##.....
 Beastly Appendage        Tmut           #.....       73%         1    None
 Infusion                 Chrm           ###.         22%         1    None
 Song of Slaying          Chrm           ###.....     32%         2    None
 Spectral Weapon          Hex/Chrm       ####....     11%         3    ##.....
 Spellforged Servitor     Conj/Summ      ##........   100%        7    #######


Dungeon Overview and Level Annotations

Branches:
Dungeon (11/15)            Temple (1/1) D:7            Lair (3/6) D:9
  Swamp (0/4) Lair:2        Snake (0/4) Lair:2          Orc (0/2) D:9

Altars:
Ashenzari
Cheibriados
Dithmenos
Elyvilon
Fedhas
Gozag
Hepliaklqana
Kikubaaqudgha
Makhleb
Nemelex Xobeh
Okawaru
Qazlal
Ru
Sif Muna
Trog
Uskayaw
Vehumet
Wu Jian
Xom
Yredelemnul
Zin
The Shining One

Shops:
D:5 [   D:7 (

Annotations:
D:8 3 runed doors, Mgcat's ghost, novice KoTm; galech's ghost, novice MiFi; glosham's ghost, weakling FoBe
Lair:1 1 runed door, biddum's ghost, journeyman MiFi
Lair:3 Rupert


Innate Abilities, Weirdness & Mutations

You cannot be hasted, slowed, berserked, paralysed or teleported.
You can dig through walls and to a lower floor.
Your four strong arms can wield two-handed weapons with a shield.
You have a pair of large antennae on your head. (SInv)
You possess an exceptional clarity of mind.
You are resistant to hostile enchantments. (MR+)
You do not regenerate when monsters are visible.


Message History

Evoke which item? (* to show all) (? for menu, Esc to quit)
Okay, then.
Unknown command.
Unknown command.
Rupert rages.
Unknown command.
Found 7 gold pieces.
Rupert barely misses you.
Wield which item (- for none, * to show all)? (? for menu, Esc to quit)
Okay, then.
Rupert completely misses you.
A blink frog comes into view.
The blink frog croaks. 3 blink frogs come into view.
The blink frog gives a loud, deep croak! x2
The blink frog blinks!
Rupert hits you with a great sword of electrocution!!
* * * LOW HITPOINT WARNING * * *
You are electrocuted!
You die...

.#.........###..
..F.................P...
..F.§....#......###.....
#....F..........###.....
#...............=.#.....
#............#...####....
.................###P....
..................##.....
..$ #.@................
..##.##.@................
........#P...P.........#.
....##.....>............†
P..###..#......###.......
.....#.........#####.....
.#........#...PP# ###...#
......h.P##.....#..#.#...
............##........#..


You could see Rupert (berserk), a polar bear (confused) and 3 blink frogs.

Vanquished Creatures
  The ghost of conein the Archer, a journeyman CeHu of Okawaru (D:11)
  2 two-headed ogres
  Erica (D:8)
  A tengu warrior (D:10)
  Sonja (Lair:1)
  A manticore (D:11)
  A centaur zombie (D:11)
  A black mamba (Lair:1)
  Psyche (D:8)
  5 spiny frogs
  A polar bear (Lair:2)
  5 trolls
  A queen bee (D:11)
  A bog body (Lair:2)
  3 blink frogs (Lair:2)
  2 hippogriffs
  A shadow (D:8)
  2 wraiths
  2 spriggans (Lair:2)
  Sigmund (D:2)
  3 basilisks
  4 hogs (D:9)
  10 yaks
  A human (D:9)
  3 swamp worms (Lair:2)
  3 nagas (Lair:2)
  8 porcupines
  4 water moccasins
  An orc warrior (D:11)
  2 phantoms
  5 black bears
  A necrophage (D:5)
  2 ice beasts
  2 sky beasts
  5 ogres
  4 wolves
  6 centaurs
  7 crocodiles
  2 big kobolds (D:8)
  Blork the orc (D:6)
  10 bullfrogs
  2 scorpions
  22 killer bees (D:11)
  3 electric eels
  8 wights
  4 howler monkeys
  2 crimson imps
  6 hounds
  2 jellies
  A quasit (D:7)
  5 orc priests
  3 bullfrog skeletons
  2 iguanas
  11 orc wizards
  6 worker ants
  A hound zombie (D:10)
  A hound skeleton (D:6)
  3 gnolls (D:8)
  18 adders
  A shadow imp (D:5)
  4 oozes
  3 adder skeletons
  A worm (D:2)
  2 dart slugs
  13 leopard geckos
  35 orcs
  7 giant cockroaches
  8 goblins
  18 hobgoblins
  12 jackals
  12 kobolds
  2 quokkas
  7 bats
  A frilled lizard (D:1)
  A jackal zombie (D:8)
  A quokka skeleton (D:4)
  6 rats
352 creatures vanquished.

Vanquished Creatures (collateral kills)
  A tengu warrior (D:10)
  An ogre (D:4)
  A wight (D:10)
  Crazy Yiuf (D:2)
  An iguana (D:6)
  2 orcs (D:4)
7 creatures vanquished.

Vanquished Creatures (others)
  2 fungi (Lair:1)
  2 plants (Lair:1)
  4 withered plants (D:8)
8 creatures vanquished.

Grand Total: 367 creatures vanquished

Notes
Turn   | Place    | Note
-------+----------+-------------------------------------------
     0 | D:1      | mopl the Formicid Enchanter began the quest for the Orb.
     0 | D:1      | Reached XP level 1. HP: 13/13 MP: 3/3
    46 | D:1      | Reached XP level 2. HP: 12/19 MP: 3/5
   150 | D:1      | Learned a level 2 spell: Ensorcelled Hibernation
   158 | D:1      | Reached skill level 4 in Stealth
   228 | D:1      | Reached skill level 4 in Hexes
   501 | D:1      | Reached XP level 3. HP: 19/24 MP: 6/6
   507 | D:1      | Learned a level 3 spell: Confuse
  1185 | D:2      | Found a runed door.
  1230 | D:2      | Reached XP level 4. HP: 17/30 MP: 7/7
  1358 | D:2      | Noticed Sigmund
  1385 | D:2      | Reached skill level 1 in Ice Magic
  1441 | D:2      | Gained mutation: You are resistant to hostile enchantments. (MR+) [potion of mutation]
  1441 | D:2      | Gained mutation: You do not regenerate when monsters are visible. [potion of mutation]
  1441 | D:2      | Gained mutation: You possess an exceptional clarity of mind. [potion of mutation]
  1452 | D:2      | Killed Sigmund
  1452 | D:2      | Reached skill level 5 in Stealth
  1452 | D:2      | Reached skill level 3 in Spellcasting
  1452 | D:2      | Reached skill level 5 in Hexes
  1452 | D:2      | Reached XP level 5. HP: 11/35 MP: 2/9
  1452 | D:2      | Reached XP level 6. HP: 13/41 MP: 2/10
  1698 | D:2      | Learned a level 3 spell: Tukima's Dance
  1739 | D:2      | Noticed Crazy Yiuf
  1747 | D:2      | Killed Crazy Yiuf
  1811 | D:2      | Reached skill level 2 in Ice Magic
  1824 | D:2      | Found an iron altar of Okawaru.
  1972 | D:2      | Found a snail-covered altar of Cheibriados.
  2141 | D:3      | Reached skill level 6 in Stealth
  2429 | D:3      | Reached XP level 7. HP: 34/46 MP: 4/12
  2437 | D:3      | Learned a level 3 spell: Dazzling Spray
  2793 | D:3      | Reached skill level 6 in Hexes
  3202 | D:4      | Found a blossoming altar of Fedhas.
  3486 | D:4      | Found a deep blue altar of Sif Muna.
  3486 | D:4      | Found a blossoming altar of Fedhas.
  3549 | D:4      | Reached skill level 7 in Stealth
  3843 | D:4      | Got a jewelled morningstar {distort}
  3927 | D:4      | Reached skill level 4 in Spellcasting
  3969 | D:4      | Reached XP level 8. HP: 49/52 MP: 11/14
  3984 | D:4      | Reached skill level 3 in Ice Magic
  4253 | D:4      | Reached skill level 7 in Hexes
  4300 | D:4      | Found a burning altar of Makhleb.
  4593 | D:5      | Entered Level 5 of the Dungeon
  4903 | D:5      | Found a glowing silver altar of Zin.
  4903 | D:5      | Found an opulent altar of Gozag.
  4984 | D:5      | Reached skill level 8 in Stealth
  5101 | D:5      | Found Feel's Antique Armour Emporium.
  5537 | D:6      | Noticed Blork the orc
  5538 | D:6      | Reached skill level 1 in Long Blades
  5546 | D:6      | Killed Blork the orc
  5564 | D:6      | Reached skill level 8 in Hexes
  5564 | D:6      | Reached XP level 9. HP: 50/56 MP: 5/16
  5576 | D:6      | Noticed a two-headed ogre
  5601 | D:6      | Killed a two-headed ogre
  5601 | D:6      | Reached skill level 2 in Long Blades
  5601 | D:6      | Reached skill level 9 in Stealth
  5601 | D:6      | Reached skill level 5 in Spellcasting
  5601 | D:6      | Reached skill level 4 in Ice Magic
  6447 | D:6      | Got a brightly glowing tin ring
  6553 | D:6      | Identified the ring "Notalet" {*Slow rPois rC+ MP+9 Slay+3} (You found it on level 6 of the Dungeon)
  6653 | D:7      | Learned a level 3 spell: Regeneration
  6664 | D:7      | Reached skill level 9 in Hexes
  6969 | D:7      | Learned a level 1 spell: Apportation
  7183 | D:7      | Found a staircase to the Ecumenical Temple.
  7192 | D:7      | Reached skill level 3 in Long Blades
  7219 | D:7      | Reached skill level 10 in Stealth
  7319 | D:7      | Reached XP level 10. HP: 49/62 MP: 18/18
  7571 | D:7      | Found Jeexzian's Weapon Boutique.
  7798 | D:8      | Noticed Psyche
  7802 | D:8      | Killed Psyche
  7832 | D:8      | Found a runed gate.
  7837 | D:8      | Got an encrusted trident
  7838 | D:8      | Found a runed gate.
  7839 | D:8      | Found a runed gate.
  7840 | D:8      | Noticed galech's ghost (novice MiFi)
  7840 | D:8      | Noticed Mgcat's ghost (novice KoTm)
  7840 | D:8      | Noticed glosham's ghost (weakling FoBe)
  7878 | D:8      | Reached skill level 5 in Ice Magic
  8010 | D:8      | Noticed Erica
  8028 | D:8      | Killed Erica
  8028 | D:8      | Reached skill level 6 in Spellcasting
  8028 | D:8      | Reached skill level 1 in Conjurations
  8028 | D:8      | Reached skill level 10 in Hexes
  8028 | D:8      | Reached skill level 1 in Charms
  8028 | D:8      | Reached skill level 1 in Necromancy
  8028 | D:8      | Reached skill level 1 in Translocations
  8463 | D:8      | Reached skill level 4 in Long Blades
  8463 | D:8      | Reached skill level 11 in Stealth
  8499 | D:8      | Noticed a two-headed ogre
  8595 | D:8      | Killed a two-headed ogre
  8595 | D:8      | Reached skill level 2 in Charms
  8740 | Temple   | Entered the Ecumenical Temple
  8779 | Temple   | Became a worshipper of Dithmenos the Shadowed
  8916 | D:8      | Reached skill level 2 in Necromancy
  9126 | D:9      | Found a staircase to the Lair.
  9218 | D:8      | Reached XP level 11. HP: 67/68 MP: 20/20
  9232 | D:8      | Reached skill level 2 in Conjurations
  9232 | D:8      | Reached skill level 2 in Translocations
  9332 | D:8      | Reached skill level 1 in Invocations
  9509 | D:9      | Found a staircase to the Orcish Mines.
  9727 | D:9      | Reached skill level 2 in Invocations
  9741 | D:9      | Reached * piety under Dithmenos
  9949 | D:9      | Found a white marble altar of Elyvilon.
  9957 | D:9      | Found a hide-covered altar of Uskayaw.
 10029 | D:9      | Found a glowing golden altar of the Shining One.
 10293 | D:10     | Entered Level 10 of the Dungeon
 10423 | D:10     | Reached skill level 3 in Charms
 10425 | D:10     | Reached skill level 11 in Hexes
 10582 | D:10     | Reached skill level 3 in Necromancy
 10736 | D:10     | Found a glowing golden altar of the Shining One.
 10745 | D:10     | Noticed a tengu warrior
 10749 | D:10     | Noticed a tengu warrior
 10753 | D:10     | Killed a tengu warrior
 10753 | D:10     | Reached skill level 12 in Stealth
 10770 | D:10     | Killed a tengu warrior
 10770 | D:10     | Reached skill level 5 in Long Blades
 10770 | D:10     | Reached skill level 3 in Conjurations
 10770 | D:10     | Reached skill level 3 in Translocations
 10770 | D:10     | Reached skill level 3 in Invocations
 11073 | D:10     | Identified the Tome of Attacks and the Frostbite
 11318 | D:11     | Reached skill level 7 in Spellcasting
 11325 | D:11     | Reached ** piety under Dithmenos
 11442 | D:11     | Reached XP level 12. HP: 36/74 MP: 11/22
 11449 | D:11     | Reached skill level 1 in Shields
 11732 | D:11     | Found a large runed door.
 11732 | D:11     | Found a large runed door.
 11767 | D:11     | Noticed conein's ghost (journeyman CeHu)
 11788 | D:11     | Killed conein's ghost
 11788 | D:11     | Reached skill level 2 in Shields
 11788 | D:11     | Reached skill level 4 in Invocations
 11928 | D:11     | Learned a level 4 spell: Cause Fear
 12158 | D:11     | Reached *** piety under Dithmenos
 12287 | D:11     | Reached skill level 12 in Hexes
 12507 | Lair:1   | Entered Level 1 of the Lair of Beasts
 12507 | Lair:1   | Noticed Sonja
 12509 | Lair:1   | Killed Sonja
 12509 | Lair:1   | Reached skill level 13 in Stealth
 12581 | Lair:1   | Reached skill level 4 in Necromancy
 12585 | Lair:1   | Found a runed door.
 12588 | Lair:1   | Noticed biddum's ghost (journeyman MiFi)
 12611 | Lair:1   | Reached skill level 3 in Shields
 12611 | Lair:1   | Reached skill level 4 in Charms
 12746 | Lair:1   | Noticed a spriggan rider
 12895 | Lair:1   | Reached skill level 5 in Invocations
 13092 | Lair:2   | Reached skill level 6 in Long Blades
 13391 | Lair:2   | Reached skill level 2 in Dodging
 13395 | Lair:2   | Reached skill level 1 in Fighting
 13440 | Lair:2   | Found a staircase to the Snake Pit.
 13476 | Lair:2   | Reached **** piety under Dithmenos
 13604 | Lair:2   | Reached XP level 13. HP: 82/82 MP: 23/23
 13617 | Lair:2   | Reached skill level 4 in Shields
 13861 | Lair:2   | Found a staircase to the Swamp.
 13925 | Lair:3   | Reached skill level 2 in Fighting
 14031 | Lair:3   | Identified a scroll of acquirement
 14090 | Lair:3   | Noticed Rupert
 14125 | Lair:3   | Slain by Rupert

Vault maps used:
D:1:      saegor_arrival_simple_d, minmay_pentomino_u4
D:2:      okawaru_trees_1, kennysheep_slug_shrine, uniq_crazy_yiuf_cottage,
          uniq_sigmund
D:3:      minivault_4, kennysheep_generic_room_4
D:4:      gammafunk_temple_overflow_wave, lemuel_doored_altar,
          fedhas_bush_and_centaur_altar
D:5:      grunt_temple_overflow_gold_and_silver, serial_shops,
          nicolae_shop_crystal, first_ration
D:6:      corexii_shack_village, kennysheep_generic_room_5, uniq_blork_the_orc
D:7:      kennysheep_six_static_rooms, minmay_temple_entry_from_below_b,
          serial_shops, nicolae_shop_behind_doors, nicolae_benzene_ring
D:8:      gammafunk_ghost_cemetery, fountainhead, uniq_psyche, uniq_erica
D:9:      minitemple, lemuel_coloured_pillars_altar, minmay_lair_entry_grove,
          orc_0_dummy, grunt_livestock
D:10:     basic_altar, kennysheep_generic_room_16
D:11:     ebering_ghost_disaster_area, minivault_7
Temple:   minmay_temple_bridge_abc
Lair:1:   ebering_ghost_funeral_grove, lemuel_old_faithful,
          serial_bayou_shore_b, uniq_sonja
Lair:2:   nicolae_swamp_entry_splash_gauntlet, guppyfry_snake_entry_island,
          forest_entry_grove
Lair:3:   serial_bayou_shore_b, serial_bayou_shore_a, uniq_rupert

Skill      XL: |  1  2  3  4  5  6  7  8  9 10 11 12 13 |
---------------+----------------------------------------+-----
Stealth        | 4 5 6 7 8 10 11 12 13 | 13.8
Hexes          | 4 5 6 8 9 10 11 12 | 12.8
Ice Magic      | 1 2 3 4 5 |  5.0
Spellcasting   | 3 4 5 6 7 |  7.0
Long Blades    | 1 3 4 5 6 |  6.4
Conjurations   | 1 3 |  3.0
Charms         | 2 3 4 |  4.0
Necromancy     | 2 3 4 |  4.0
Translocations | 1 3 |  3.0
Invocations    | 3 5 |  5.7
Shields        | 3 4 |  4.4
Dodging        | 2 |  2.7
Fighting       | 1 2 |  2.3
Short Blades   | |  1.0

Action                   |  1- 3 |  4- 6 |  7- 9 | 10-12 | 13-15 || total
-------------------------+-------+-------+-------+-------+-------++-------
Melee: Dagger            |   105 |    72 |   151 |   176 |    59 ||   563
       Rapier            |       |    57 |   105 |       |       ||   162
       Falchion          |       |       |     7 |       |       ||     7
       Scimitar          |       |       |    62 |    33 |       ||    95
       Short sword       |       |       |    13 |   193 |       ||   206
 Cast: Corona            |     8 |       |     2 |       |       ||    10
       Ensorcelled Hiber |     6 |    18 |    53 |   122 |    18 ||   217
       Confuse           |       |     1 |    13 |    28 |     6 ||    48
       Tukima's Dance    |       |     1 |     5 |     4 |       ||    10
       Dazzling Spray    |       |       |     1 |       |       ||     1
       Regeneration      |       |       |       |    26 |       ||    26
 Abil: Dig               |       |       |     2 |     4 |       ||     6
Evoke: Phantom mirror    |       |       |       |       |     2 ||     2
  Use: Potion            |       |     4 |       |     2 |       ||     6
       Scroll            |       |     3 |     3 |     5 |     6 ||    17
 Stab: Sleeping          |    15 |    18 |    39 |   102 |    17 ||   191
       Confused          |       |     1 |     9 |    16 |     4 ||    30
       Distracted        |       |       |     1 |     1 |     1 ||     3
  Eat: Chunk             |     2 |     5 |    19 |    24 |     2 ||    52
Armor: Robe              |    24 |    43 |    81 |   123 |     7 ||   278
       Skin              |       |     6 |       |       |       ||     6
Dodge: Dodged            |    66 |    86 |   203 |   294 |    51 ||   700
Block: Buckler           |       |       |       |     3 |     7 ||    10
       Large shield      |       |       |       |       |     8 ||     8
       Rpst.: Scimitar   |       |       |    13 |     6 |       ||    19
       Falchion          |       |       |     1 |       |       ||     1

Table legend:
 A = Spawn XP
 B = Non-spawn XP
 C = Spawn XP percentage of total XP
 D = Spawn monster count
 E = Non-spawn monster count
 F = Spawn count percentage of total count
 G = Total turns spent on level
                    A         B        C        D         E        F      G
               +---------+---------+-------+---------+---------+-------+---------
         Total |       0 |   30960 |   0.0 |       0 |     359 |   0.0 | 14125
               +---------+---------+-------+---------+---------+-------+---------
           D:1 |       0 |      59 |   0.0 |       0 |      31 |   0.0 |  1134
           D:2 |       0 |     351 |   0.0 |       0 |      29 |   0.0 |  1148
           D:3 |       0 |     259 |   0.0 |       0 |      22 |   0.0 |   728
           D:4 |       0 |     637 |   0.0 |       0 |      21 |   0.0 |  1583
           D:5 |       0 |     359 |   0.0 |       0 |      15 |   0.0 |   902
           D:6 |       0 |    1450 |   0.0 |       0 |      30 |   0.0 |  1072
           D:7 |       0 |     829 |   0.0 |       0 |      16 |   0.0 |  1241
           D:8 |       0 |    4523 |   0.0 |       0 |      38 |   0.0 |  1532
           D:9 |       0 |    2480 |   0.0 |       0 |      30 |   0.0 |   893
          D:10 |       0 |    3440 |   0.0 |       0 |      23 |   0.0 |  1202
          D:11 |       0 |    6009 |   0.0 |       0 |      52 |   0.0 |   997
        Lair:1 |       0 |    3488 |   0.0 |       0 |      14 |   0.0 |   571
        Lair:2 |       0 |    5048 |   0.0 |       0 |      27 |   0.0 |   839
        Lair:3 |       0 |    2028 |   0.0 |       0 |      11 |   0.0 |   208
               +---------+---------+-------+---------+---------+-------+---------
